 Dungeon Crawl Stone Soup version 0.28-a0-987-g8383568036 (webtiles) character file.

Game seed: 11106016646122822125

56 Conn the Sneak (level 3, -7/21 HPs)
             Began as an Octopode Fire Elementalist on Dec 4, 2021.
             Mangled by Sigmund (15 damage)
             ... on level 2 of the Dungeon.
             The game lasted 00:03:40 (1518 turns).

Conn the Sneak (Octopode Fire Elementalist)         Turns: 1518, Time: 00:03:41

Health: -7/21      AC:  1    Str:  7    XL:     3   Next: 97%
Magic:  2/6        EV: 13    Int: 19    God:
Gold:   64         SH:  0    Dex: 12    Spells: 2/6 levels left

rFire   . . .      SeeInvis .   l - +1 spear (venom)
rCold   . . .      Faith    .   (no shield)
rNeg    . . .      Spirit   .   (helmet restricted)
rPois   .          Reflect  .   (no amulet)
rElec   .          Harm     .   (no ring)
rCorr   .          Rampage  .   (no ring)
Will    .....                   (no ring)
Stlth   +++.......              (no ring)
HPRegen 0.07/turn               (no ring)
MPRegen 0.10/turn               (no ring)
                                (no ring)
                                (no ring)

@: mighty, lethally poisoned (-7 -> -8), flying
A: almost no armour, amphibious, 8 rings, camouflage 1, gelatinous body 1,
(nimble swimmer 1), tentacles
a: no special abilities


You were on level 2 of the Dungeon.
You visited 1 branch of the dungeon, and saw 2 of its levels.

You collected 64 gold pieces.

Inventory:

Hand Weapons
 e - a +0 dagger
 l - a +1 spear of venom (weapon)
Scrolls
 a - a scroll of amnesia {unknown}
 c - a scroll of immolation {unknown}
 d - a scroll of blinking {unknown}
 f - a scroll of enchant armour {unknown}
 g - a scroll of teleportation {unknown}
 h - a scroll of fog {unknown}
 k - 2 scrolls of enchant weapon {unknown}


   Skills:
 + Level 0.2 Polearms
 + Level 2.1 Dodging
 + Level 4.2 Stealth
 + Level 2.1 Spellcasting
 + Level 1.4 Conjurations
 + Level 3.6 Fire Magic


You had 2 spell levels left.
You knew the following spells:

 Your Spells              Type           Power      Damage    Failure   Level
a - Foxfire               Conj/Fire      44%        2x1d6     6%          1
b - Conjure Flame         Conj/Fire      11%        6-21      17%         3

Your spell library contained the following spells:

 Spells                   Type           Power      Damage    Failure   Level
 Scorch                   Fire           32%        2d6       5%          2
 Corpse Rot               Necr/Air       4%         N/A       26%         2
 Inner Flame              Hex/Fire       9%         N/A       24%         3
 Flame Wave               Conj/Fire      11%        2d5       50%         4
 Dispel Undead            Necr           2%         3d7       86%         4
 Death Channel            Necr           1%         N/A       100%        6


Dungeon Overview and Level Annotations

Branches:
Dungeon (2/15)

Altars:

Annotations:
D:2 Sigmund


Innate Abilities, Weirdness & Mutations

You cannot wear most types of armour.
You are amphibious.
You can wear up to eight rings at the same time.
Your skin changes colour to match your surroundings (Stealth+).
Your rubbery body absorbs attacks. (AC +1, EV +1)
((You are camouflaged near water. (Stealth+)))
You have tentacles for arms and can constrict up to eight enemies at once.


Message History

You reach to attack!
You completely miss Sigmund.
Sigmund is moderately wounded.
The foxfire hits Sigmund but does no damage.
Sigmund is moderately wounded.
Sigmund gestures at you while chanting.
You are confused.
You feel better.
Sigmund gestures wildly while chanting.
Sigmund flickers and vanishes!
Deactivating autopickup; reactivate with Ctrl-A.
The adder bites you. The adder bites you.
It was a potion of might.
You feel very mighty all of a sudden. The adder bites you. x2
You are poisoned.
The adder poisons you!
You feel sick.
You feel sick.
You feel sick.
You feel sick. The adder closely misses you.
You feel sick.
You are no longer poisoned.
The adder bites you.
You are poisoned.
The adder poisons you!
* * * LOW HITPOINT WARNING * * *
You feel sick.
You feel much better.
You feel sick. The adder bites you but does no damage.
It was a potion of flight.
You feel very buoyant.
You fly up into the air.
You feel sick. The adder bites you. Something hits you!
You feel sick. The adder barely misses you.
You miss the adder. You grab the adder.
The adder is heavily wounded.
You constrict the adder.
You feel sick. The adder barely misses you. Something hits you!
Ouch! That really hurt!
You die...

#####.#.#.#####.........
...?.....## #.########
########## #.# #.# #.#
#.# #.#
##################.#
...............)@S.#
####################


You could see an adder.

Vanquished Creatures
  Jessica (D:2)
  A worm (D:2)
  A dart slug (D:2)
  2 ball pythons (D:2)
  4 endoplasms
  A goblin (D:2)
  A hobgoblin (D:2)
  2 quokkas
  2 bats
  3 frilled lizards (D:1)
  4 kobolds
  3 rats
25 creatures vanquished.

Vanquished Creatures (others)
  41 foxfires
41 creatures vanquished.

Grand Total: 66 creatures vanquished

Notes
Turn   | Place    | Note
-------+----------+-------------------------------------------
     0 | D:1      | Conn the Octopode Fire Elementalist began the quest for the
                  | Orb.
     0 | D:1      | Reached XP level 1. HP: 11/11 MP: 3/3
   254 | D:1      | Found a faded altar of an unknown god.
   410 | D:1      | Reached skill level 3 in Stealth
   410 | D:1      | Reached XP level 2. HP: 17/17 MP: 5/5
  1214 | D:2      | Reached XP level 3. HP: 21/21 MP: 6/6
  1222 | D:2      | Noticed Jessica
  1232 | D:2      | Killed Jessica
  1233 | D:2      | Reached skill level 4 in Stealth
  1480 | D:2      | Noticed Sigmund
  1488 | D:2      | Learned a level 3 spell: Conjure Flame
  1518 | D:2      | Mangled by Sigmund

Illustrated notes

Levels and vault maps discovered:
D:1:      dpeg_arrival_three_same_balls, layout_basic, basic_ecumenical_altar,
          patterned_corridor
D:2:      layout_loops_ring, minmay_lizard_king, uniq_sigmund, uniq_jessica

Skill      XL: |  1  2  3 |
---------------+----------+-----
Stealth        | 3 4 |  4.2
Polearms       | |  0.2
Dodging        | |  2.1
Spellcasting   | |  2.1
Conjurations   | |  1.4
Fire Magic     | |  3.6

Action                   || total
-------------------------++-------
Melee: Unarmed           ||     3
       Dagger            ||     7
       Tentacles         ||     5
       Spear             ||    17
       Constrict         ||     5
 Cast: Foxfire           ||    27
  Use: Potion            ||     6
 Stab: Sleeping          ||     4
Armor: Skin              ||     1
Dodge: Dodged            ||    15

Table legend: (Time is in decaauts)
 A = Elapsed time spent in this place.
 B = Non-inter-level travel time spent in this place.
 C = Inter-level travel time spent in this place.
 D = Time resting spent in this place.
 E = Time spent auto-exploring this place.
 F = Levels seen in this place.
 G = Mean time per level.
                   A        B        C        D        E       F      G
               +--------+--------+--------+--------+--------+-----+--------+
         Total |   1518 |   1509 |      9 |      0 |   1189 |   2 |  759.0 |
       Dungeon |   1518 |   1509 |      9 |      0 |   1189 |   2 |  759.0 |
               +--------+--------+--------+--------+--------+-----+--------+

Top non-repeatable levels by time:
     D:1: 933 daAuts
     D:2: 584 daAuts
